 Dungeon Crawl Stone Soup version 0.17.0-23-g0de4337 (webtiles) character file.

8348 root the Arsonist (level 11, -8/74 HPs)
             Began as a Pale Draconian Fire Elementalist on Nov 14, 2015.
             Was the Champion of Sif Muna.
             Killed from afar by a fire giant (34 damage)
             ... with a bolt of fire
             ... on level 10 of the Dungeon.
             The game lasted 01:16:23 (9817 turns).

root the Arsonist (DrFE)                            Turns: 9817, Time: 01:16:23

Health: -8/74      AC: 13    Str: 10    XL:     11   Next: 8%
Magic:  4/23       EV: 16    Int: 18    God:    Sif Muna [******]
Gold:   413        SH:  0    Dex: 13    Spells: 4 memorised, 13 levels left

rFire  . . .     SeeInvis .     A - +0 rapier
rCold  . . .     Clarity  .     (armour unavailable)
rNeg   . . .     SustAt   +     (no shield)
rPois  .         Gourm    .     (helmet restricted)
rElec  .         Spirit   .     (no cloak)
rCorr  .         Warding  .     o - +1 pair of gloves
rMut   .         Stasis   .     R - +0 pair of boots {Fly}
MR     .....                    k - amulet of faith
Stlth  ++........               s - ring of sustain attributes
                                g - +3 ring of protection

@: flying, very slightly contaminated, hasted, very quick, not resistant to
hostile enchantments, unstealthy
A: breathe steam, unfitting armour, cold-blooded, AC +7
a: Breathe Steam, Channel Energy, Forget Spell, Renounce Religion, Stop Flying


You were on level 10 of the Dungeon.
You worshipped Sif Muna.
Sif Muna was exalted by your worship.
You were not hungry.

You visited 1 branch of the dungeon, and saw 10 of its levels.
You also visited: Sewer and Ossuary.

You collected 615 gold pieces.
You spent 202 gold pieces at shops.

Inventory:

Hand Weapons
 A - a +0 rapier (weapon)
 O - a +0 whip of freezing
Armour
 o - a +1 pair of gloves (worn)
 q - a +0 pair of boots
 u - a +0 buckler
 R - a +0 pair of boots of flying (worn)
Jewellery
 e - an uncursed ring of ice
 g - a +3 ring of protection (left hand)
 k - an amulet of faith (around neck)
 s - a ring of sustain attributes (right hand)
Wands
 B - a wand of disintegration (12)
 D - a wand of confusion (30)
 E - a wand of lightning (8)
 N - a wand of paralysis (9)
Scrolls
 i - 9 scrolls of identify
 t - a scroll of magic mapping {unknown}
 v - 3 scrolls of amnesia {unknown}
 y - 2 scrolls of immolation {unknown}
 z - 2 scrolls of remove curse
 F - a scroll of acquirement {unknown}
 H - a scroll of recharging
 J - 2 scrolls of random uselessness {unknown}
 K - 3 scrolls of teleportation
 M - a scroll of enchant weapon
 S - a scroll of noise {unknown}
 T - a scroll of vulnerability {unknown}
Potions
 d - 3 potions of flight
 f - 2 potions of heal wounds
 h - 6 potions of curing
 j - 3 potions of haste
 l - 2 potions of magic
 m - a potion of invisibility
 n - a potion of lignification
 x - a potion of agility
 C - a potion of might
 P - a potion of mutation {unknown}
Books
 a - a book of Flames

   Spells                             Type                      Level
   a - Flame Tongue                   Conjuration/Fire             1
   b - Throw Flame                    Conjuration/Fire             2
   c - Conjure Flame                  Conjuration/Fire             3
   d - Inner Flame                    Hexes/Fire                   3
   e - Sticky Flame                   Conjuration/Fire             4
   f - Fireball                       Conjuration/Fire             5
 c - an Akashic Record

   Spells                             Type                      Level
   a - Dispersal                      Translocation                6
   b - Malign Gateway                 Summoning/Translocation      7
   c - Disjunction                    Translocation                8
   d - Controlled Blink               Translocation                8
 L - Sif Muna's Collected Works on Fiery Blows and Bruises
   (Sif Muna gifted it to you on level 8 of the Dungeon)

   Spells                             Type                      Level
   a - Flame Tongue                   Conjuration/Fire             1
   b - Throw Flame                    Conjuration/Fire             2
   c - Sticky Flame                   Conjuration/Fire             4
   d - Fireball                       Conjuration/Fire             5
 U - Sif Muna's Compendium of Excruciating Fire
   (Sif Muna gifted it to you on level 10 of the Dungeon)

   Spells                             Type                      Level
   a - Flame Tongue                   Conjuration/Fire             1
   b - Throw Flame                    Conjuration/Fire             2
   c - Ignite Poison                  Fire/Transmutation/Poison    3
   d - Fireball                       Conjuration/Fire             5
   e - Bolt of Magma                  Conjuration/Fire/Earth       5
Comestibles
 b - 5 bread rations
 p - 4 slices of pizza
 r - 3 beef jerkies
 G - 2 meat rations
 I - 3 fruits
 Q - a chunk of flesh


   Skills:
 + Level 8.3 Dodging
 - Level 1.7 Stealth
 + Level 8.2 Spellcasting
 + Level 8.7 Conjurations
 + Level 9.7 Fire Magic


You had 13 spell levels left.
You knew the following spells:

 Your Spells              Type           Power        Failure   Level  Hunger
a - Flame Tongue          Conj/Fire      #####        1%          1    None
b - Conjure Flame         Conj/Fire      #####...     1%          3    #......
c - Sticky Flame          Conj/Fire      #####...     2%          4    ###....
d - Bolt of Magma         Conj/Fire/Erth ####......   24%         5    #####..


Dungeon Overview and Level Annotations

Branches:
Dungeon (10/15)            Temple (0/1) D:5
   Lair: D:8-11         Orc: D:9-12

Altars:
Ashenzari
Dithmenos
Fedhas
Kikubaaqudgha
Nemelex Xobeh
Sif Muna
Yredelemnul

Shops:
D:8 ?   D:9 [:[


Innate Abilities, Weirdness & Mutations

You can breathe blasts of scalding, opaque steam.
Your pale cyan-grey scales are hard (AC +7).
Your body does not fit into most forms of armour.
You are cold-blooded and may be slowed by cold attacks.


Message History

Aim: a fire giant, wielding a great sword of flaming (translocational energy, moderately wounded)
You exhale a blast of scalding steam.
You feel somewhat more hungry.
You start resting.
Eating one of 2 chunks of flesh.
This raw flesh tastes terrible.
You continue eating. x2
The fire giant gestures at you while chanting.
The fireball explodes!
The fireball engulfs you!
Ouch! That really hurt!
* * * LOW HITPOINT WARNING * * *
You hear a shout!
Drink which item? (? for menu, Esc to quit)
You feel much better.
Drink which item? (? for menu, Esc to quit)
You feel yourself speed up.
You have got your breath back.
The fire giant hits you with a great sword of flaming.
The fire giant burns you. The fire giant casts a spell at you.
The bolt of fire hits you!
You die...

#####.##.#
#........#
#.######## ##
#.# .# #.# .#
#)# .# #.# .#
#.######## .#
#....@...##
.#
#.######C.#
.#
#.........#
.#
#≈≈≈≈≈≈≈≈≈#
##
#≈≈≈≈≈≈≈≈≈#
$[#8≈≈≈≈≈≈≈8#
.#####'#####
[.'..§......#
>.#§§.......#


You could see a fire giant.

Vanquished Creatures
  3 hill giants (D:10)
  Pikel (D:9)
  Joseph (D:7)
  Psyche (D:10)
  A troll (D:10)
  Grinder (D:6)
  A steam dragon (D:10)
  A basilisk (D:10)
  4 ice beasts
  A necrophage (D:9)
  3 sky beasts
  5 orc warriors
  A black bear (D:6)
  7 ogres
  2 slaves (D:9)
  6 centaurs
  An elf zombie (Ossuary)
  4 giant frogs
  A wyvern skeleton (D:8)
  5 scorpions
  5 killer bees (D:7)
  9 wights
  3 centaur zombies (Ossuary)
  A crimson imp (D:7)
  A giant frog zombie (D:9)
  8 orc priests
  A giant frog skeleton (D:10)
  2 jellies (D:5)
  6 orc wizards
  5 hounds
  2 human zombies (Ossuary)
  6 worker ants
  4 big kobold zombies (Ossuary)
  A killer bee zombie (D:7)
  2 mummies (Ossuary)
  A hound skeleton (D:4)
  14 adders
  A shadow imp (D:5)
  18 oozes
  An adder skeleton (D:8)
  A worm (D:2)
  22 giant geckos
  29 orcs
  11 ball pythons
  13 bats
  20 giant cockroaches
  6 hobgoblins
  4 jackals
  8 kobolds
  4 quokkas
  15 giant newts
  5 goblins
  12 hobgoblin zombies (Ossuary)
  A jackal zombie (Ossuary)
  8 kobold zombies (Ossuary)
  6 orc zombies (Ossuary)
  2 quokka skeletons
  11 rats
319 creatures vanquished.

Notes
Turn   | Place    | Note
--------------------------------------------------------------
     0 | D:1      | root the Draconian Fire Elementalist began the quest for the Orb.
     0 | D:1      | Reached XP level 1. HP: 14/14 MP: 3/3
   337 | D:1      | Reached XP level 2. HP: 20/20 MP: 3/5
  1136 | D:2      | Reached XP level 3. HP: 24/26 MP: 2/6
  1802 | D:3      | Reached XP level 4. HP: 33/33 MP: 5/7
  1877 | D:3      | Found a faded altar to an unknown god.
  1888 | D:3      | Became a worshipper of Sif Muna the Loreminder
  1888 | D:3      | Reached * piety under Sif Muna
  2144 | D:3      | Found a shadowy altar of Dithmenos.
  2154 | D:3      | Found a blossoming altar of Fedhas.
  2409 | D:3      | Reached XP level 5. HP: 25/38 MP: 1/9
  3267 | D:4      | Reached skill level 4 in Fire Magic
  3342 | D:4      | Learned a level 3 spell: Conjure Flame
  3360 | D:4      | Reached ** piety under Sif Muna
  3360 | D:4      | Reached XP level 6. HP: 45/45 MP: 3/11
  3947 | D:5      | Entered Level 5 of the Dungeon
  3967 | D:5      | Found a staircase to the Ecumenical Temple.
  4032 | D:5      | Found a shattered altar of Ashenzari.
  4075 | D:5      | Reached skill level 5 in Fire Magic
  4075 | D:5      | Your scales start taking on a pale cyan-grey colour.
  4075 | D:5      | Reached XP level 7. HP: 38/50 MP: 1/13
  4154 | D:5      | Found a sand-covered staircase.
  4162 | Ossuary  | Entered an ossuary
  4614 | D:5      | Reached XP level 8. HP: 43/57 MP: 11/15
  4623 | D:5      | Reached *** piety under Sif Muna
  5007 | D:5      | Reached skill level 5 in Spellcasting
  5007 | D:5      | Reached skill level 5 in Conjurations
  5007 | D:5      | Reached skill level 6 in Fire Magic
  5200 | D:6      | Reached skill level 5 in Dodging
  5385 | D:6      | Noticed Grinder
  5385 | D:6      | Paralysed by Grinder for 7 turns
  5475 | D:6      | Killed Grinder
  5475 | D:6      | Reached **** piety under Sif Muna
  5576 | D:6      | Found a glowing drain.
  5580 | Sewer    | Entered a sewer
  5785 | Sewer    | Reached XP level 9. HP: 62/62 MP: 13/17
  5839 | Sewer    | Reached skill level 7 in Fire Magic
  6813 | D:7      | Noticed Joseph
  6833 | D:7      | Killed Joseph
  6833 | D:7      | Reached ***** piety under Sif Muna
  7504 | D:8      | Reached skill level 8 in Fire Magic
  7688 | D:8      | Found Zafaoq's Magic Scroll Shoppe.
  7760 | D:8      | Bought a scroll of identify for 22 gold pieces
  7760 | D:8      | Bought a scroll of teleportation for 33 gold pieces
  7760 | D:8      | Bought 2 scrolls of identify for 44 gold pieces
  7822 | D:8      | Reached ****** piety under Sif Muna
  7822 | D:8      | Received a gift from Sif Muna
  7822 | D:8      | Reached XP level 10. HP: 69/69 MP: 15/20
  7823 | D:8      | Identified Sif Muna's Collected Works on Fiery Blows and Bruises (Sif Muna gifted it to you on level 8 of the Dungeon)
  8063 | D:8      | Found a shattered altar of Ashenzari.
  8066 | D:8      | Found an ancient bone altar of Kikubaaqudgha.
  8069 | D:8      | Found a basalt altar of Yredelemnul.
  8366 | D:9      | Found Cuilithest's Antique Armour Boutique.
  8463 | D:9      | Found a sparkling altar of Nemelex Xobeh.
  8671 | D:9      | Noticed Pikel
  8783 | D:9      | Killed Pikel
  8896 | D:9      | Found Niej's Antique Armour Shoppe.
  8910 | D:9      | Bought a pair of embroidered boots for 103 gold pieces
  8930 | D:9      | Found Wodoijig's Book Shoppe.
  9114 | D:10     | Entered Level 10 of the Dungeon
  9117 | D:10     | Noticed Psyche
  9128 | D:10     | Killed Psyche
  9128 | D:10     | Reached skill level 9 in Fire Magic
  9327 | D:10     | Noticed a hill giant
  9339 | D:10     | Killed a hill giant
  9446 | D:10     | Learned a level 4 spell: Sticky Flame
  9528 | D:10     | Noticed a hill giant
  9541 | D:10     | Killed a hill giant
  9621 | D:10     | Noticed a hill giant
  9628 | D:10     | Killed a hill giant
  9628 | D:10     | Received a gift from Sif Muna
  9628 | D:10     | Reached XP level 11. HP: 74/74 MP: 9/23
  9629 | D:10     | Identified Sif Muna's Compendium of Excruciating Fire (Sif Muna gifted it to you on level 10 of the Dungeon)
  9636 | D:10     | Learned a level 5 spell: Bolt of Magma
  9798 | D:10     | Noticed a fire giant
  9817 | D:10     | Killed from afar by a fire giant

Action                   |  1- 3 |  4- 6 |  7- 9 | 10-12 || total
-------------------------+-------+-------+-------+-------++-------
Melee: Unarmed           |    33 |    19 |    27 |       ||    79
       Rapier            |       |       |    26 |    17 ||    43
 Cast: Flame Tongue      |    61 |   153 |   257 |    83 ||   554
       Conjure Flame     |       |     2 |    16 |    18 ||    36
       Sticky Flame      |       |       |       |     6 ||     6
       Bolt of Magma     |       |       |       |     2 ||     2
Invok: Channel Energy    |       |    27 |     2 |     1 ||    30
 Abil: Breathe Steam     |       |       |    36 |    22 ||    58
  Use: Scroll            |       |     5 |     8 |     1 ||    14
       Potion            |       |       |       |     2 ||     2
  Eat: Chunk             |     3 |    12 |    15 |    11 ||    41
       Pizza             |       |       |     1 |       ||     1
